 Dungeon Crawl Stone Soup version 0.17-a0-1914-gde4187c (webtiles) character file.

40 mcbry74 the Sneak (level 3, -3/22 HPs)
             Began as a Kobold Assassin on Sept 26, 2015.
             Slain by Terence
             ... wielding a +0 flail
              (7 damage)
             ... on level 2 of the Dungeon.
             The game lasted 00:05:41 (677 turns).

mcbry74 the Sneak (Kobold Assassin)                  Turns: 677, Time: 00:05:41

Health: -3/22      AC:  4    Str:  9    XL:     3   Next: 72%
Magic:  3/3        EV: 14    Int: 14    God:    Xom [..*...]
Gold:   37         SH:  0    Dex: 18    Spells: 0 memorised, 2 levels left

rFire  . . .     SeeInvis .     a - +2 dagger
rCold  . . .     Clarity  .     c - +0 robe
rNeg   . . .     SustAt   .     (shield restricted)
rPois  .         Gourm    .     r - +1 hat
rElec  .         Spirit   .     d - +0 cloak
rCorr  .         Warding  .     (no gloves)
rMut   .         Stasis   .     (no boots)
MR     .....                    (no amulet)
Stlth  ++++......               (no ring)
                                (no ring)

@: brilliant, not resistant to hostile enchantments, stealthy
A: carnivore 3
a: Renounce Religion


You were on level 2 of the Dungeon.
You worshipped Xom.
You were a toy of Xom.
You were not hungry.

You visited 1 branch of the dungeon, and saw 2 of its levels.

You collected 37 gold pieces.

Inventory:

Hand weapons
 a - a +2 dagger (weapon)
 b - a +0 blowgun
Missiles
 e - 16 poisoned needles
 f - 2 curare-tipped needles
Armour
 c - a +0 robe (worn)
 d - a +0 cloak (worn)
 r - a +1 hat (worn)
Scrolls
 h - a scroll of identify {unknown}
 k - a scroll of immolation {unknown}
 l - a scroll of remove curse {unknown}
 o - a scroll of magic mapping {unknown}
Potions
 j - a potion of haste {unknown}
 n - a potion of cancellation {unknown}
 p - a potion of curing {unknown}
Comestibles
 g - a meat ration
 i - a chunk of flesh
 q - a beef jerky


   Skills:
 + Level 2.5 Fighting
 + Level 2.9 Short Blades
 + Level 3.1 Throwing
 + Level 1.3 Dodging
 + Level 6.5 Stealth


You had 2 spell levels left.
You didn't know any spells.

Dungeon Overview and Level Annotations

Branches:
Dungeon (2/15)

Altars:
Xom
Yredelemnul

Annotations:
D:2 Terence


Innate Abilities, Weirdness & Mutations

You are small and have problems with some larger weapons.
You are carnivorous and can eat meat at any time.


Message History

Terence is lightly wounded.
Terence hits you with a flail.
* * * LOW HITPOINT WARNING * * *
You hit Terence.
Terence is moderately wounded.
Terence barely misses you.
You hit Terence but do no damage.
Terence is moderately wounded.
Terence shouts, "Now you die!" Terence closely misses you.
You barely miss Terence.
Terence is moderately wounded.
You barely miss Terence.
Terence is moderately wounded.
Terence barely misses you.
You barely miss Terence.
Terence is moderately wounded.
Terence hits you with a flail!
You die...
Xom roars with laughter!

#.....## #.##.##.....#
#.##...# #..#.##<....#
#.#....####.#.##......
#......'....#.##.###..
######...######........#
........## ###....#.##
...####.# #..........
......#.# #...#......
......@@# #.#####......
...##>....##.......#....
################....
###.. ##. ######..
#⌠_.'..# #⌠_.'..#
########


You could see Terence.

Vanquished Creatures
  2 adders (D:2)
  An ooze (D:2)
  A worm (D:2)
  A giant gecko (D:2)
  A giant cockroach (D:1)
  3 goblins
  2 hobgoblins (D:1)
  3 bats
  A giant newt (D:1)
  2 kobolds (D:1)
  A rat (D:1)
18 creatures vanquished.

Notes
Turn   | Place    | Note
--------------------------------------------------------------
     0 | D:1      | mcbry74 the Kobold Assassin began the quest for the Orb.
     0 | D:1      | Reached XP level 1. HP: 12/12 MP: 1/1
   163 | D:1      | Reached XP level 2. HP: 17/17 MP: 2/2
   259 | D:1      | Reached skill level 6 in Stealth
   383 | D:1      | You fall through a shaft!
   384 | D:2      | Found a shimmering altar of Xom.
   384 | D:2      | Found a basalt altar of Yredelemnul.
   392 | D:2      | Became a worshipper of Xom of Chaos
   430 | D:2      | Reached XP level 3. HP: 19/22 MP: 3/3
   572 | D:2      | XOM: divination: detect creatures
   633 | D:2      | XOM: potion effect (brilliance)
   646 | D:2      | XOM: mild Trmt miscast
   663 | D:2      | Noticed Terence
   677 | D:2      | Slain by Terence

Vault maps used:
D:1:      onia_arrival_mini_maze_b
D:2:      gammafunk_temple_overflow_wave, uniq_iyjb, uniq_terence

Action                   || total
-------------------------++-------
Melee: Dagger            ||    43
 Fire: Blowgun           ||     6
 Stab: Sleeping          ||    11
